 Dungeon Crawl Stone Soup version 0.29-a0-22-gbf593b16ee (webtiles) character file.

Game seed: 7419077510292517991

2793 Sweetruy1997 the Cutter (level 9, -8/52 HPs)
             Began as a Demonspawn Chaos Knight on Jan 29, 2022.
             Was a Plaything of Xom.
             Mangled by an ice beast (9 damage)
             ... on level 6 of the Dungeon on Jan 30, 2022.
             The game lasted 00:26:13 (6231 turns).

Sweetruy1997 the Cutter (Demonspawn Chaos Knight)   Turns: 6231, Time: 00:26:14

Health: -8/52      AC: 14    Str: 15    XL:     9   Next: 43%
Magic:  11/11      EV: 11    Int: 15    God:    Xom [.*....]
Gold:   44         SH: 10    Dex: 17    Spells: 7/11 levels left

rFire   + . .      SeeInvis +   x - +2 dagger of Devotion {vorpal, rPois Str+4 Stlth+}
rCold   x . .      Faith    .   p - +0 kite shield
rNeg    . . .      Spirit   .   b - +3 leather armour
rPois   +          Reflect  .   (helmet restricted)
rElec   .          Harm     .   k - +1 cloak
rCorr   .          Rampage  .   (no gloves)
Will    +++..                   (no boots)
Stlth   +++.......              e - amulet of magic regeneration
HPRegen 0.17/turn               c - +4 ring of protection
MPRegen 0.64/turn               y - ring of Ozeczuykk {rC- Will+++ Str-3 Int+3 SInv}

@: no status effects
A: horns 2, icy blue scales 1, foul stench 2, magic regeneration, dopey 1, fire
resistance 1, frail 2, strong 1
a: Renounce Religion


You were on level 6 of the Dungeon.
You worshipped Xom.
You were a plaything of Xom.
You visited 1 branch of the dungeon, and saw 6 of its levels.
You also visited: Ossuary.

You collected 227 gold pieces.
You spent 183 gold pieces at shops.

Inventory:

Hand Weapons
 x - the +2 dagger of Devotion (weapon) {vorpal, rPois Str+4 Stlth+}
   (You found it on level 4 of the Dungeon)

   It inflicts extra damage upon your enemies.
   Str:       It affects your strength (+4).
   rPois:     It protects you from poison.
   Stlth:     It makes you more stealthy.
Armour
 b - a +3 leather armour (worn)
 k - a +1 cloak (worn)
 p - a +0 kite shield (worn)
Jewellery
 c - a +4 ring of protection (left hand)
 d - a ring of resist corrosion
 e - an amulet of magic regeneration (around neck)
 y - the ring of Ozeczuykk (right hand) {rC- Will+++ Str-3 Int+3 SInv}
   (Xom gifted it to you on level 5 of the Dungeon)

   [ring of see invisible]

   Str:       It affects your strength (-3).
   Int:       It affects your intelligence (+3).
   rC:        It makes you vulnerable to cold.
   SInv:      It lets you see invisible.
   Will:      It greatly increases your willpower.
Wands
 a - a wand of flame (20)
 j - a wand of polymorph (10)
 t - a wand of iceblast (6)
Scrolls
 l - 3 scrolls of blinking
 n - 3 scrolls of teleportation
 r - 2 scrolls of summoning
 s - a scroll of silence
 w - a scroll of fear
Potions
 f - 3 potions of brilliance
 g - 2 potions of heal wounds
 h - 5 potions of curing
 o - a potion of magic
 q - 4 potions of haste
 v - 4 potions of might
 z - 2 potions of resistance


   Skills:
 - Level 4.0 Fighting
 + Level 6.4 Short Blades
 - Level 4.1 Axes
 - Level 3.0 Throwing
 + Level 4.8 Armour
 - Level 3.0 Dodging
 - Level 3.0 Stealth
 + Level 4.2 Shields
 + Level 1.7 Spellcasting
 + Level 1.7 Ice Magic
 + Level 1.6 Evocations


You had 7 spell levels left.
You knew the following spells:

 Your Spells              Type           Power      Damage    Failure   Level
a - Ozocubu's Armour      Ice            6%         N/A       77%         3
b - Freeze                Ice            24%        1d5       38%         1

Your spell library contained the following spells:

 Spells                   Type           Power      Damage    Failure   Level
 Frozen Ramparts          Ice            12%        1d3       77%         3
 Hailstorm                Conj/Ice       3%         3d3       99%         4
 Metabolic Englaciation   Hex/Ice        1%         N/A       100%        5
 Simulacrum               Ice/Necr       1%         N/A       100%        6


Dungeon Overview and Level Annotations

Branches:
Dungeon (6/15)             Temple (0/1) D:5         Ossuary (visited)

Altars:
Okawaru

Shops:
D:2 *=?   D:3 ?=*

Annotations:
D:6 Blork the orc
Abyss:1 Terence


Innate Abilities, Weirdness & Mutations

You have a pair of horns on your head.
You are partially covered in icy blue scales. (AC +2)
You sometimes emit foul miasma when damaged in melee.
You regenerate magic rapidly.
You are dopey. (Int -2)
Your flesh is heat resistant. (rF+)
You are very frail. (-20% HP)
Your muscles are strong. (Str +2)


Message History

You hit the ice beast but do no damage.
The ice beast is lightly wounded.
You block the ice beast's attack.
You hit the ice beast but do no damage.
You headbutt the ice beast, but do no damage.
The ice beast is lightly wounded.
You block the ice beast's attack.
You hit the ice beast. Your headbutt misses the ice beast.
The ice beast is lightly wounded.
You block the ice beast's attack.
You hit the ice beast.
The ice beast is moderately wounded.
The ice beast closely misses you.
You hit the ice beast but do no damage.
The ice beast is moderately wounded.
The ice beast misses you.
You barely miss the ice beast.
The ice beast is moderately wounded.
You block the ice beast's attack.
You closely miss the ice beast.
The ice beast is moderately wounded.
You block the ice beast's attack.
You hit the ice beast but do no damage.
The ice beast is moderately wounded.
You completely miss the ice beast.
The ice beast is moderately wounded.
You block the ice beast's attack.
You hit the ice beast. You headbutt the ice beast.
The ice beast is moderately wounded.
The ice beast barely misses you.
You hit the ice beast but do no damage.
The ice beast is moderately wounded.
The ice beast hits you. The ice beast freezes you!
You feel a terrible chill!
* * * LOW HITPOINT WARNING * * *
You hit the ice beast.
The ice beast is heavily wounded.
The ice beast hits you.
* * * LOW HITPOINT WARNING * * *
The ice beast freezes you!
You feel a terrible chill!
You die...

#.........#
##.###.###.#
#..).......#
#.)###.##..#
#).# ..# ..#
#.)# .## #
#:.##.###..#
#..?)Y.....#
##..@)...).#
####)......
.......
...###( ...#
#..# ..# ..#


You could see an ice beast.

Vanquished Creatures
  Pikel (D:6)
  Maggie (D:6)
  A water moccasin (D:5)
  A swamp drake (D:6)
  2 ice beasts
  A black bear (D:6)
  A necrophage (D:6)
  A centaur (D:6)
  A lemure (D:6)
  A phantom (D:5)
  An elf zombie (D:5)
  A kobold brigand (D:6)
  A scorpion (D:5)
  An elf skeleton (D:5)
  A water moccasin skeleton (D:4)
  A bullfrog zombie (D:5)
  A centaur zombie (D:5)
  A centaur skeleton (D:6)
  2 hounds (D:4)
  3 orc priests (D:6)
  3 human skeletons (D:5)
  An iguana (D:4)
  2 orc wizards (D:6)
  3 mummies (Ossuary)
  7 adders
  A worm (D:3)
  A dart slug (D:1)
  9 orcs
  6 endoplasms
  6 giant cockroaches
  6 goblins
  6 hobgoblins
  5 jackals
  11 kobolds
  4 quokkas
  6 ball pythons
  8 bats
  2 frilled lizards
  7 goblin zombies (Ossuary)
  A hobgoblin zombie (Ossuary)
  A kobold zombie (Ossuary)
  An orc skeleton (D:5)
  2 orc zombies (Ossuary)
  3 quokka zombies (Ossuary)
  9 rats
  4 rat zombies (Ossuary)
139 creatures vanquished.

Vanquished Creatures (collateral kills)
  A cyclops (D:6)
  A sky beast (D:6)
  A lemure (D:6)
3 creatures vanquished.

Vanquished Creatures (others)
  An orc (D:6)
1 creature vanquished.

Grand Total: 143 creatures vanquished

Notes
Turn   | Place    | Note
-------+----------+-------------------------------------------
     0 | D:1      | Sweetruy1997 the Demonspawn Chaos Knight began the quest
                  | for the Orb.
     0 | D:1      | Reached XP level 1. HP: 18/18 MP: 1/1
   136 | D:1      | XOM: silly message
   177 | D:1      | Reached skill level 1 in Dodging
   255 | D:1      | Gained mutation: You have a pair of small horns on your
                  | head. [demonic ancestry]
   255 | D:1      | Reached XP level 2. HP: 16/24 MP: 2/2
   509 | D:1      | XOM: 1-stop teleportation journey
   777 | D:1      | Reached skill level 1 in Throwing
  1140 | D:2      | Found Podgh's Jewellery Shop.
  1174 | D:2      | Reached XP level 3. HP: 29/29 MP: 3/3
  1239 | D:2      | Found Ufaaq's General Store.
  1255 | D:2      | Bought a scroll of magic mapping for 42 gold pieces
  1426 | D:2      | Found Yrrux's Magic Scroll Boutique.
  1434 | D:2      | Bought a scroll of identify for 24 gold pieces
  1434 | D:2      | Bought a scroll of noise for 12 gold pieces
  1583 | D:2      | XOM: god gift: small tourmaline ring {god gift}
  1709 | D:2      | XOM: give mutations
  1709 | D:2      | Gained mutation: You possess an exceptional clarity of
                  | mind. [Xom's grace]
  1709 | D:2      | Gained mutation: You have large cloven feet. [Xom's grace]
  1709 | D:2      | Gained mutation: You expend magic power (3 MP) to
                  | strengthen your wands. [Xom's grace]
  1709 | D:2      | Gained mutation: Your flesh is heat resistant. (rF+) [Xom's
                  | grace]
  1832 | D:2      | Gained mutation: You are partially covered in icy blue
                  | scales. (AC +2) [demonic ancestry]
  1832 | D:2      | Reached XP level 4. HP: 35/35 MP: 4/4
  1964 | D:3      | Found Beses's Jewellery Boutique.
  1988 | D:3      | Noticed Terence
  1993 | D:3      | XOM: enchant monster (good)
  1997 | D:3      | Found Nuifug's Magic Scroll Boutique.
  2137 | D:3      | Bought a scroll of identify for 20 gold pieces
  2228 | D:3      | Banished Terence
  2449 | D:3      | XOM: 4-stop teleportation journey
  2484 | D:3      | XOM: polymorph orc -> rat
  2519 | D:3      | Found a faded altar of an unknown god.
  2575 | D:3      | Learned a level 3 spell: Ozocubu's Armour
  2809 | D:3      | Found Ywieze's Assorted Antiques.
  2818 | D:3      | Bought a scroll labelled VOMOAHAKHA for 17 gold pieces
  3154 | D:4      | Gained mutation: You may rarely emit foul miasma when
                  | damaged in melee. [demonic ancestry]
  3154 | D:4      | Reached XP level 5. HP: 41/41 MP: 5/5
  3194 | D:4      | Reached skill level 1 in Stealth
  3399 | D:3      | Bought a scroll of identify for 20 gold pieces
  3477 | D:4      | XOM: god gift: wand of polymorph (4)
  3479 | D:4      | Reached XP level 6. HP: 29/48 MP: 6/6
  3652 | D:4      | XOM: divination: detect creatures
  3829 | D:4      | Identified the +2 dagger of Devotion {vorpal, rPois Str+4
                  | Stlth+}
  3866 | D:5      | Entered Level 5 of the Dungeon
  3894 | D:5      | Noticed a water moccasin
  3895 | D:5      | Found a staircase to the Ecumenical Temple.
  3896 | D:5      | XOM: potion effect (berserk rage)
  3898 | D:5      | Killed a water moccasin
  3952 | D:5      | XOM: 2-stop teleportation journey
  3995 | D:5      | Noticed Eustachio
  3996 | D:5      | Noticed Eustachio
  3996 | D:5      | Eustachio changed into Eustachio the ice beast
  4009 | D:5      | Killed Eustachio the ice beast
  4010 | D:5      | Reached skill level 1 in Shields
  4010 | D:5      | Reached skill level 1 in Ice Magic
  4010 | D:5      | Gained mutation: You sometimes emit foul miasma when
                  | damaged in melee. [demonic ancestry]
  4010 | D:5      | Reached XP level 7. HP: 54/54 MP: 7/7
  4046 | D:3      | XOM: give mutation
  4046 | D:3      | Gained mutation: Armour fits poorly on your strangely
                  | shaped body. [Xom's mischief]
  4087 | D:2      | Bought a scroll of identify for 24 gold pieces
  4207 | D:5      | Found a sand-covered staircase.
  4213 | Ossuary  | Entered an ossuary
  4219 | Ossuary  | XOM: fog
  4230 | Ossuary  | HP: 1/54 [mummy (14)]
  4514 | Ossuary  | Reached skill level 1 in Short Blades
  4730 | D:5      | Reached skill level 2 in Short Blades
  4863 | D:2      | Bought a scroll of identify for 24 gold pieces
  4866 | D:2      | Lost mutation: You expend magic power (3 MP) to strengthen
                  | your wands. [potion of mutation]
  4866 | D:2      | Lost mutation: Armour fits poorly on your strangely shaped
                  | body. [potion of mutation]
  4866 | D:2      | Gained mutation: Your muscles are strong. (Str +2) [potion
                  | of mutation]
  4866 | D:2      | Gained mutation: Your magical capacity is low. (-10% MP)
                  | [potion of mutation]
  4866 | D:2      | Lost mutation: Your muscles are strong. (Str +2) [potion of
                  | mutation]
  4867 | D:2      | Lost mutation: Your magical capacity is low. (-10% MP)
                  | [potion of mutation]
  4867 | D:2      | Lost mutation: Your flesh is heat resistant. (rF+) [potion
                  | of mutation]
  4867 | D:2      | Lost mutation: You possess an exceptional clarity of mind.
                  | [potion of mutation]
  4867 | D:2      | Gained mutation: Your muscles are strong. (Str +2) [potion
                  | of mutation]
  4867 | D:2      | Gained mutation: Your flesh is heat resistant. (rF+)
                  | [potion of mutation]
  4867 | D:2      | Gained mutation: You have hoof-like feet. [potion of
                  | mutation]
  4948 | D:5      | Lost mutation: Your muscles are strong. (Str +2) [potion of
                  | mutation]
  4948 | D:5      | Lost mutation: You have hoof-like feet. [potion of
                  | mutation]
  4948 | D:5      | Gained mutation: Your muscles are strong. (Str +2) [potion
                  | of mutation]
  5032 | D:5      | Found an iron altar of Okawaru.
  5234 | D:5      | Identified the ring of Ozeczuykk {rC- Will+++ Str-3 Int+3
                  | SInv} (Xom gifted it to you on level 5 of the Dungeon)
  5234 | D:5      | XOM: god gift: ring of Ozeczuykk {rC- Will+++ Str-3 Int+3
                  | SInv}
  5279 | D:5      | XOM: 4-stop teleportation journey
  5453 | D:5      | Learned a level 1 spell: Freeze
  5462 | D:5      | XOM: give mutations
  5462 | D:5      | Gained mutation: You are frail. (-10% HP) [Xom's mischief]
  5462 | D:5      | Lost mutation: You have large cloven feet. [Xom's mischief]
  5462 | D:5      | Gained mutation: You are very frail. (-20% HP) [Xom's
                  | mischief]
  5462 | D:5      | Gained mutation: You are dopey. (Int -2) [Xom's mischief]
  5530 | D:6      | Gained mutation: You have a pair of horns on your head.
                  | [demonic ancestry]
  5530 | D:6      | Reached XP level 8. HP: 37/48 MP: 9/9
  5584 | D:5      | XOM: silly message
  5641 | D:6      | XOM: polymorph orc warrior -> swamp drake
  5651 | D:6      | XOM: fog
  5670 | D:6      | Reached skill level 3 in Short Blades
  5773 | D:6      | XOM: scenery: summon butterflies
  5860 | D:6      | Noticed Pikel
  5862 | D:6      | Noticed Maggie
  5869 | D:6      | XOM: summons friendly quasit
  5870 | D:6      | XOM: summons friendly white imp
  5874 | D:6      | Noticed a cyclops
  5902 | D:6      | XOM: cast spell 'Death Channel'
  5906 | D:6      | XOM: summons 2 hostile demons
  5917 | D:6      | XOM: enchant monster (bad)
  5920 | D:6      | XOM: potion effect (curing)
  5930 | D:6      | Killed Maggie
  5931 | D:6      | Reached skill level 4 in Short Blades
  5931 | D:6      | Reached skill level 1 in Spellcasting
  5942 | D:6      | XOM: summons friendly quasit
  5943 | D:6      | XOM: cast spell 'Summon Cactus Giant'
  5943 | D:6      | Killed Pikel
  5944 | D:6      | Reached skill level 5 in Short Blades
  5962 | D:6      | Killed a cyclops
  5963 | D:6      | Reached skill level 6 in Short Blades
  5963 | D:6      | Reached skill level 1 in Evocations
  5963 | D:6      | Gained mutation: You regenerate magic rapidly. [demonic
                  | ancestry]
  5963 | D:6      | Reached XP level 9. HP: 35/52 MP: 11/11
  6097 | D:6      | Noticed Blork the orc
  6103 | D:6      | XOM: 4-stop teleportation journey
  6171 | D:6      | XOM: confuse monster(s)
  6231 | D:6      | HP: 1/52 [ice beast (3)]
  6231 | D:6      | Mangled by an ice beast

Illustrated notes

Levels and vault maps discovered:
D:1:      lemuel_arrival_funnel, layout_loops_ring, palyth_stone_intersect,
          minivault_24, minmay_tromino_i4
D:2:      minmay_razor_zed, layout_rooms, serial_shops, shop, shop, shop,
          minmay_misc_feat_four_crosses, kennysheep_generic_room_14
D:3:      layout_basic, chequers_ecumenical_altar_grove, serial_shops,
          nicolae_shop_temple_entry_statues_fountains, shop, shop_statue,
          uniq_terence
D:4:      layout_cave_pools, minmay_fractal_squares_diagonal_5
D:5:      layout_basic, kennysheep_mini, minmay_temple_entry_statues_fountains,
          nicolae_ossuary_entry_catacombs, uniq_eustachio
D:6:      cheibrodos_fzero, layout_loops_corners, uniq_maggie, uniq_menkaure,
          uniq_pikel, uniq_blork_the_orc

Skill      XL: |  1  2  3  4  5  6  7  8  9 |
---------------+----------------------------+-----
Dodging        | 1 2 3 |  3.0
Armour         | 2 3 4 |  4.8
Throwing       | 1 2 3 |  3.0
Axes           | 3 4 |  4.1
Stealth        | 1 3 |  3.0
Fighting       | 4 |  4.0
Shields        | 1 3 4 |  4.2
Ice Magic      | 1 |  1.7
Short Blades   | 2 6 |  6.4
Spellcasting   | 1 |  1.7
Evocations     | 1 |  1.6

Action                   |  1- 3 |  4- 6 |  7- 9 || total
-------------------------+-------+-------+-------++-------
Melee: Hand axe          |    67 |    96 |       ||   163
       Punch             |     1 |     1 |       ||     2
       Headbutt          |     5 |    23 |    60 ||    88
       Kick              |     1 |    24 |    55 ||    80
       Dagger            |       |    24 |   297 ||   321
Throw: Boomerang         |    63 |    16 |    19 ||    98
 Cast: Ozocubu's Armour  |       |     1 |       ||     1
       Freeze            |       |       |     2 ||     2
Evoke: Wand              |       |     1 |     3 ||     4
  Use: Scroll            |     4 |     6 |    10 ||    20
       Potion            |       |     1 |     7 ||     8
 Stab: Sleeping          |     1 |     1 |     7 ||     9
       Confused          |       |     1 |       ||     1
       Distracted        |       |       |     1 ||     1
Armor: Leather armour    |    28 |    83 |    76 ||   187
       Skin              |       |       |    11 ||    11
Dodge: Dodged            |    46 |    52 |    96 ||   194
Block: Kite shield       |       |    23 |   106 ||   129

Table legend: (Time is in decaauts)
 A = Elapsed time spent in this place.
 B = Non-inter-level travel time spent in this place.
 C = Inter-level travel time spent in this place.
 D = Time resting spent in this place.
 E = Time spent auto-exploring this place.
 F = Levels seen in this place.
 G = Mean time per level.
                   A        B        C        D        E       F      G
               +--------+--------+--------+--------+--------+-----+--------+
         Total |   6304 |   5768 |    536 |    536 |   3947 |   7 |  900.6 |
       Dungeon |   5937 |   5401 |    536 |    349 |   3886 |   6 |  989.5 |
       Ossuary |    367 |    367 |      0 |    187 |     61 |   1 |  367.0 |
               +--------+--------+--------+--------+--------+-----+--------+

Top non-repeatable levels by time:
     D:1: 1130 daAuts
     D:5: 1118 daAuts
     D:2: 1094 daAuts
     D:3: 1052 daAuts
     D:4: 869 daAuts
     D:6: 672 daAuts
 Ossuary: 367 daAuts
